Map: Moonlight Madness LE (Void)

Players

Javert

  • Race: Zerg Zerg
  • League: Gold

dzc - Winner!

  • Race: Terran Terran
  • League: Gold

VOD

Have the link to the VOD?

Description

Time

  • Played on: Sept. 27, 2015, 1:31 a.m.
  • Length: 14:55
Show
View Real Time Build Order
Export as new Build Order

Javert Zerg 

Build Orders: Hatch First, Muta Ling Bane 

Get SALT Encoding   

  12  0:01  Drone  
  13  0:14  Overlord  
  13  0:18  Drone  
  14  0:33  Drone x2  
  16  0:37  Drone  
  17  0:54  Hatchery  
  16  0:57  Drone  
  16  1:00  Drone  
  16  1:03  Extractor  
  17  1:09  Drone  
  18  1:20  Spawning Pool  
  18  1:23  Drone  
  18  1:34  Drone  
  19  1:44  Drone  
  20  1:53  Drone  
  21  2:03  Overlord  
  21  2:11  Queen x2  
  21  2:12  Metabolic Boost  
  26  2:15  Zergling x4  
  26  2:20  Drone  
  28  2:27  Drone  
  28  2:56  Queen  
  30  2:59  Drone x4  
  30  3:01  Overlord  
  34  3:06  Hatchery  
  33  3:16  Drone x3  
  36  3:26  Overlord  
  36  3:32  Drone x6  
  42  3:40  Overlord  
  42  3:51  Drone  
  42  3:52  Drone x4  
  47  4:04  Drone  
  47  4:05  Drone x8  
  56  4:11  Lair  
  56  4:14  Extractor  
  55  4:29  Spine Crawler  
  55  4:30  Spore Crawler  
  53  4:33  Overlord x2  
  53  4:34  Extractor  
  53  4:35  Extractor  
  51  4:43  Drone x2  
  51  4:44  Drone  
  54  4:47  Queen  
  54  4:48  Evolution Chamber  
  54  4:49  Zergling x4  
  54  4:50  Zergling x4  
  59  4:55  Evolution Chamber  
  58  5:30  Drone  
  58  5:31  Drone x21  
  80  5:36  Spire  
  79  5:46  Overlord  
  79  5:52  Zerg Ground Armor Level 1  
  79  5:55  Extractor  
  79  5:56  Extractor  
  77  5:57  Baneling Nest  
  77  5:59  Zergling x8  
  77  6:01  Overlord x2  
  80  6:13  Overlord x3  
  80  6:22  Drone x2  
  80  6:23  Overlord x3  
  82  6:29  Drone x3  
  85  6:49  Spore Crawler  
  85  6:50  Mutalisk  
  85  6:51  Mutalisk x6  
  98  6:54  Overlord x2  
  98  6:56  Drone x6  
  104  7:01  Roach Warren  
  104  7:03  Zerg Missile Weapons Level 1, Hydralisk Den  
  104  7:06  Overlord  
  104  7:07  Mutalisk  
  104  7:10  Drone x4  
  106  7:23  Drone x7  
  106  7:24  Drone x3  
  112  7:44  Drone  
  112  7:45  Drone x9  
  122  7:57  Centrifical Hooks  
  120  8:00  Zergling x18  
  129  8:12  Burrow  
  129  8:16  Zerg Melee Weapons Level 1  
  129  8:21  Lurker Den, Zergling x2  
  129  8:22  Zergling x16  
  138  8:29  Baneling  
  138  8:30  Baneling x15  
  138  8:31  Baneling x8  
  138  8:40  Overlord  
  138  8:41  Overlord x2  
  138  8:51  Zergling x2  
  138  8:52  Zergling x26  
  148  8:57  Zerg Ground Armor Level 2  
  131  9:13  Mutalisk  
  131  9:14  Mutalisk x7  
  133  9:26  Roach x8  
  145  9:39  Baneling x6  
  145  9:40  Baneling x2  
  145  9:42  Overlord  
  145  9:43  Zergling x2  
  145  9:44  Zergling x14  
  128  10:27  Zergling x2  
  128  10:28  Zergling x16  
  123  10:43  Zergling x2  
  123  10:44  Zergling x4  
  123  10:49  Baneling  
  126  10:50  Baneling x15  
  126  10:51  Baneling x2  
  124  11:23  Zergling x8  
  124  11:24  Zergling x28  
  134  11:38  Overlord  
  111  11:53  Zergling x16  
  111  11:54  Zergling x14  
  91  12:27  Drone x3  
  90  12:36  Baneling  
  90  12:37  Infestation Pit, Baneling x15  
  90  12:38  Hatchery, Baneling x20  
  90  12:39  Baneling x8  
  90  12:41  Zergling x2  
  90  12:42  Zergling x22  
  90  12:43  Zergling x4  
  102  12:45  Hatchery  
  102  12:47  Extractor x2  
  99  13:00  Zergling x2  
  99  13:01  Zergling x4  
  102  13:07  Overlord x2  
  59  13:50  Zergling x20  
  65  14:02  Mutalisk  
  65  14:03  Mutalisk  
Show
View Real Time Build Order
Export as new Build Order

dzc Terran - Winner!

Build Orders: MMM Bio 

Get SALT Encoding   

  12  0:04  SCV  
  13  0:18  SCV  
  13  0:20  Supply Depot  
  14  0:29  Refinery  
  14  0:30  SCV  
  15  0:42  SCV  
  16  0:52  Barracks  
  16  0:55  SCV  
  17  1:07  SCV  
  18  1:19  SCV  
  19  1:31  SCV  
  20  1:41  Reaper  
  20  1:43  Orbital Command  
  21  1:51  Command Center  
  21  2:00  Factory  
  21  2:08  Supply Depot  
  21  2:10  SCV  
  21  2:14  Barracks Tech Lab  
  22  2:21  Refinery  
  22  2:23  SCV  
  23  2:35  SCV  
  23  2:36  Marauder  
  26  2:37  Bunker  
  26  2:47  SCV  
  27  2:59  SCV  
  27  3:04  Siege Tank, Marine  
  32  3:05  Orbital Command  
  32  3:11  SCV  
  33  3:13  Engineering Bay  
  33  3:19  Starport  
  33  3:23  SCV  
  33  3:25  Marine  
  35  3:31  SCV  
  36  3:35  SCV  
  37  3:43  SCV, Siege Tank  
  37  3:47  Supply Depot, SCV  
  42  3:55  SCV, Barracks Tech Lab  
  42  4:03  Medivac  
  42  4:05  Supply Depot  
  44  4:13  SCV x2  
  44  4:16  Marauder  
  48  4:17  Supply Depot  
  48  4:25  SCV x2  
  48  4:29  Armory  
  50  4:38  Liberator  
  50  4:47  Barracks x2  
  50  4:51  Refinery x2  
  50  4:52  Barracks Tech Lab  
  50  4:55  Command Center  
  50  4:56  SCV  
  50  4:58  SCV  
  55  5:00  Missile Turret  
  55  5:02  Missile Turret  
  55  5:09  SCV  
  55  5:11  SCV  
  57  5:23  Hellion, Marine  
  57  5:24  SCV  
  61  5:33  SCV  
  62  5:41  Barracks Reactor, Marine  
  62  5:42  Barracks Reactor, Engineering Bay  
  63  5:48  SCV  
  63  5:49  Barracks  
  64  5:50  Supply Depot  
  64  5:51  Barracks  
  64  5:59  Stimpack, Marine  
  64  6:00  Siege Tank  
  64  6:04  SCV  
  69  6:07  Terran Infantry Weapons Level 1  
  69  6:10  SCV, Supply Depot  
  70  6:14  Orbital Command  
  70  6:17  Marine  
  71  6:19  SCV  
  71  6:21  Marine x2  
  74  6:27  SCV  
  74  6:30  Marine x2  
  74  6:31  SCV  
  76  6:33  Terran Infantry Armor Level 1  
  76  6:39  Barracks Reactor, Unknown, Marine  
  77  6:41  Barracks Reactor  
  77  6:42  Supply Depot  
  77  6:44  Supply Depot  
  77  6:46  SCV  
  78  6:47  Siege Tank  
  78  6:52  SCV  
  82  7:07  Medivac x2  
  82  7:08  Marine x3  
  86  7:09  Combat Shields  
  86  7:10  Marauder  
  86  7:13  SCV  
  86  7:14  Supply Depot x2  
  92  7:23  SCV  
  92  7:44  Viking x2, Marine x3  
  90  7:55  Missile Turret  
  90  8:00  Thor  
  90  8:03  Missile Turret  
  96  8:06  Missile Turret  
  96  8:09  Missile Turret  
  96  8:41  Supply Depot  
  96  8:42  Marine x8  
  96  8:46  SCV  
  105  8:48  Orbital Command  
  105  8:51  SCV  
  105  9:00  Marine x8  
  93  9:18  Marine x4  
  94  9:30  Medivac x2  
  94  9:31  Marine x4  
  99  9:33  Thor  
  99  9:35  Marine  
  99  9:36  Marine x3  
  99  9:38  Terran Infantry Weapons Level 2  
  112  9:39  Terran Infantry Armor Level 2  
  112  9:48  Marine  
  112  9:49  Marauder, Marine x2  
  117  10:03  Marine x3  
  117  10:04  Marine  
  108  10:07  Marauder  
  108  10:11  Marauder  
  99  10:17  Marine x2  
  96  10:21  Marine x4  
  98  10:28  Marauder  
  98  10:30  Medivac x2  
  98  10:32  Marauder  
  98  10:33  Siege Tank, Drilling Claws  
  98  10:34  Marine x2  
  111  10:39  Marine  
  112  10:48  SCV  
  115  10:50  Marauder  
  115  10:51  Barracks  
  115  10:52  Barracks  
  115  10:53  Marauder  
  117  11:04  Marine x3  
  117  11:05  Siege Tank, Marine x3  
  117  11:09  SCV  
  129  11:11  Marauder  
  129  11:15  Marauder  
  131  11:19  SCV  
  131  11:22  SCV, Marine x2  
  131  11:23  SCV, Marine  
  133  11:29  Marine x2  
  133  11:30  Marine  
  131  11:33  Marauder  
  131  11:36  SCV, Marauder  
  131  11:38  SCV  
  131  11:40  Marine x2  
  131  11:45  Marine  
  131  11:47  SCV  
  133  11:48  Marine x3  
  133  11:52  SCV  
  133  11:57  Marine  
  133  12:00  SCV  
  133  12:01  Marine  
  133  12:03  Marine  
  133  12:06  Marine  
  133  12:08  Marine x2  
  133  12:11  SCV x2, Marauder x2  
  133  12:15  SCV, Marine  
  124  12:19  Marine  
  124  12:20  Marine  
  124  12:21  Thor  
  124  12:24  Marine  
  124  12:26  SCV, Marine x2  
  124  12:29  SCV  
  127  12:33  Marine, Marauder x2  
  129  12:38  Refinery  
  129  12:40  SCV, Refinery  
  129  12:41  SCV  
  131  12:53  SCV x2  
  131  12:54  Barracks Reactor  
  131  12:55  Barracks Tech Lab  
  133  13:05  Supply Depot  
  133  13:07  Orbital Command  
  133  13:09  Supply Depot  
  133  13:18  SCV  
  133  13:19  Thor, Marauder x2  
  132  13:24  Bunker  
  132  13:25  Bunker  
  129  13:28  SCV  
  129  13:31  Marine  
  129  13:32  Marine x2  
  129  13:34  SCV  
  123  13:36  SCV  
  123  13:40  Marine, Marauder x2  
  109  13:42  Marine x2  
  109  13:45  SCV  
  108  13:52  Marine  
  92  14:00  SCV  
  92  14:01  Marauder  
  92  14:02  Marauder  
  94  14:07  SCV  
  82  14:19  SCV  
Tags
 
Add a new tag
Caveats
  • Supply blocks, unpowered buildings, or Contaminate may cause inaccurate times.
  • Supply counts are checked every 10 seconds.